General information
			
			
        
        - name: BNet
 
        - type: Ladder 1vs1/FFA
 
        - host: Battle.net
 
        - saver: BEAR_AND
 
        
map: MeltingValley 
        - players: 2
 
        - length: 131:03
 
        - speed: Fast
 - version: 1.22 W3XP
 - replay type:  

 
» download(241 KB)
Players
        team 1 (loser) 
              
              
CaptainFarns (
orange | 5 APM | 653 actions | 130:53)
              
 3 Mountain King 
 1 Storm Bolt
 2 Thunder Clap
 
                » actions 
                
                | Assign group hotkey | 28 |  | 
| Basic commands | 5 |  | 
| Build / train | 81 |  | 
| Enter build submenu | 41 |  | 
| Enter hero's abilities submenu | 3 |  | 
| Remove unit from queue | 1 |  | 
| Right click | 117 |  | 
| Select / deselect | 281 |  | 
| Select group hotkey | 42 |  | 
| Use ability | 54 |  | 
                653 total
 » units 
                
                | Peasant | 8 |  | 
| Footman | 25 |  | 
| Rifleman | 10 |  | 
| Dragonhawk Rider | 8 |  | 
                51 total
 » upgrades
                
                | Swords | 1 |  | 
| Defend | 1 |  | 
| Plating | 1 |  | 
| Gunpowder | 1 |  | 
| Armor | 1 |  | 
| Long Rifles | 1 |  | 
| Lumber Harvesting | 1 |  | 
| Masonry | 1 |  | 
                8 total
 » buildings
                
                | Altar of Kings | 1 |  | 
| Barracks | 1 |  | 
| Farm | 10 |  | 
| Blacksmith | 1 |  | 
| Scout Tower | 20 |  | 
| Lumber Mill | 1 |  | 
| Guard Tower | 13 |  | 
| Arcane Tower | 3 |  | 
| Arcane Vault | 1 |  | 
| Keep | 1 |  | 
| Gryphon Aviary | 1 |  | 
| Town Hall | 1 |  | 
                54 total
 » build order
                00:06 Altar of Kings
00:11 Barracks
00:20 Farm
01:30 Farm
02:15 Farm
02:51 Farm
03:01 Farm
03:28 Blacksmith
03:48 Farm
03:55 Farm
04:16 Farm
04:40 Farm
05:26 Scout Tower
05:42 Scout Tower
05:52 Scout Tower
05:59 Lumber Mill
06:09 Scout Tower
06:18 Scout Tower
06:38 Scout Tower
06:48 Scout Tower
08:16 Guard Tower
08:25 Guard Tower
08:26 Guard Tower
08:26 Guard Tower
09:10 Scout Tower
09:15 Scout Tower
09:43 Arcane Tower
09:45 Arcane Tower
09:49 Scout Tower
09:53 Scout Tower
10:20 Scout Tower
10:25 Scout Tower
10:26 Guard Tower
10:55 Guard Tower
11:00 Guard Tower
11:16 Arcane Vault
11:24 Scout Tower
11:59 Arcane Tower
12:17 Scout Tower
12:37 Keep
13:19 Guard Tower
13:26 Scout Tower
13:58 Guard Tower
14:02 Farm
15:11 Scout Tower
15:45 Scout Tower
15:57 Gryphon Aviary
16:18 Guard Tower
16:24 Scout Tower
17:28 Guard Tower
17:56 Guard Tower
20:41 Town Hall
29:32 Scout Tower
 
               team 2 (winner) 
              
              
BEAR_AND (
teal | 32 APM | 4215 actions | 131:03)
              
 6 Mountain King 
 3 Storm Bolt
 1 Bash
 1 Thunder Clap
 1 Avatar
 6 Paladin 
 3 Holy Light
 2 Divine Shield
 1 Devotion Aura
 
                » actions 
                
                | Assign group hotkey | 24 |  | 
| Basic commands | 16 |  | 
| Build / train | 135 |  | 
| Enter build submenu | 54 |  | 
| Enter hero's abilities submenu | 15 |  | 
| Give item / drop item | 13 |  | 
| Remove unit from queue | 15 |  | 
| Right click | 2080 |  | 
| Select / deselect | 574 |  | 
| Select group hotkey | 1094 |  | 
| Use ability | 193 |  | 
                4215 total
 » units 
                
                | Peasant | 15 |  | 
| Footman | 6 |  | 
| Goblin Shredder | 6 |  | 
| Gryphon Rider | 6 |  | 
| Dragonhawk Rider | 4 |  | 
| Sorceress | 2 |  | 
| Goblin Sapper | 6 |  | 
                45 total
 » upgrades
                
                | Masonry | 3 |  | 
| Storm Hammers | 1 |  | 
| Swords | 3 |  | 
| Cloud | 1 |  | 
| Armor | 3 |  | 
| Animal War Training | 1 |  | 
| Sorceress Training | 1 |  | 
| Magic Sentry | 1 |  | 
                14 total
 » buildings
                
                | Altar of Kings | 1 |  | 
| Barracks | 1 |  | 
| Farm | 15 |  | 
| Lumber Mill | 1 |  | 
| Arcane Vault | 5 |  | 
| Town Hall | 4 |  | 
| Scout Tower | 56 |  | 
| Arcane Tower | 5 |  | 
| Guard Tower | 26 |  | 
| Keep | 1 |  | 
| Castle | 2 |  | 
| Gryphon Aviary | 3 |  | 
| Blacksmith | 1 |  | 
| Arcane Sanctum | 1 |  | 
                122 total
 » build order
                00:21 Altar of Kings
00:29 Barracks
00:42 Farm
00:58 Farm
01:03 Farm
01:44 Farm
03:00 Farm
03:24 Lumber Mill
04:03 Arcane Vault
04:08 Arcane Vault
04:12 Town Hall
04:16 Scout Tower
04:55 Arcane Tower
04:58 Scout Tower
05:22 Scout Tower
05:23 Scout Tower
05:30 Guard Tower
05:31 Scout Tower
05:32 Scout Tower
05:58 Guard Tower
06:01 Keep
06:26 Guard Tower
06:27 Scout Tower
06:28 Scout Tower
06:29 Scout Tower
06:30 Arcane Tower
06:50 Guard Tower
06:58 Guard Tower
07:33 Guard Tower
08:58 Arcane Vault
09:15 Scout Tower
09:17 Scout Tower
09:18 Scout Tower
09:26 Scout Tower
09:27 Scout Tower
09:27 Scout Tower
09:28 Scout Tower
09:29 Scout Tower
09:55 Guard Tower
09:59 Castle
09:59 Castle
10:00 Arcane Tower
10:20 Guard Tower
10:30 Arcane Tower
10:39 Gryphon Aviary
10:55 Guard Tower
11:04 Gryphon Aviary
11:34 Gryphon Aviary
11:42 Blacksmith
13:29 Farm
13:30 Farm
13:31 Farm
13:32 Farm
13:33 Farm
13:34 Farm
13:35 Farm
13:35 Farm
13:55 Guard Tower
15:46 Farm
16:03 Scout Tower
16:04 Scout Tower
16:05 Scout Tower
16:05 Scout Tower
16:06 Scout Tower
16:07 Scout Tower
16:07 Scout Tower
16:07 Scout Tower
16:54 Guard Tower
20:16 Guard Tower
20:17 Guard Tower
21:32 Farm
22:05 Town Hall
22:06 Scout Tower
22:07 Scout Tower
22:07 Scout Tower
22:07 Scout Tower
22:08 Scout Tower
22:09 Scout Tower
22:09 Scout Tower
22:10 Scout Tower
22:10 Scout Tower
22:11 Scout Tower
23:04 Guard Tower
23:35 Guard Tower
24:30 Guard Tower
24:53 Guard Tower
25:23 Guard Tower
25:27 Town Hall
25:30 Scout Tower
25:31 Scout Tower
25:31 Scout Tower
25:31 Scout Tower
25:32 Scout Tower
25:32 Scout Tower
26:31 Guard Tower
26:58 Town Hall
27:18 Guard Tower
27:35 Scout Tower
27:35 Scout Tower
27:36 Scout Tower
27:36 Scout Tower
27:36 Scout Tower
27:36 Scout Tower
27:37 Scout Tower
27:37 Scout Tower
27:38 Scout Tower
27:39 Scout Tower
27:39 Scout Tower
27:39 Scout Tower
28:07 Guard Tower
28:20 Arcane Sanctum
28:33 Guard Tower
29:26 Guard Tower
31:03 Guard Tower
31:03 Guard Tower
31:16 Arcane Vault
31:17 Arcane Vault
32:59 Guard Tower
33:03 Arcane Tower
» items
                
                | Scroll of Regeneration | 1 |  | 
| Boots of Speed | 2 |  | 
| Scroll of Town Portal | 1 |  | 
| Lesser Clarity Potion | 3 |  | 
| Staff of Sanctuary | 2 |  | 
| Potion of Healing | 1 |  | 
                10 total
  
                Chat log
          
(01:11 / All) CaptainFarns: gl hf
(02:31 / All) CaptainFarns: ..sweet?
(09:30 / All) CaptainFarns: good shit
(09:37 / All) BEAR_AND: ty
(14:50 / All) BEAR_AND: GG
(14:54 / All) CaptainFarns: oh ytea
(21:00 / All) BEAR_AND: leave
(21:12 / All) CaptainFarns: and give you the pleasure..? i'll pass dick
(21:18 / All) BEAR_AND: well
(21:21 / All) BEAR_AND: considering i already won
(21:23 / All) BEAR_AND: i have the pleasure
(21:25 / All) BEAR_AND: thanks
(21:29 / All) CaptainFarns: thats fine
(21:32 / All) CaptainFarns: you're still an asshole
(21:35 / All) CaptainFarns: and i'm not leaving
(21:37 / All) BEAR_AND: maybe so
(21:39 / All) BEAR_AND: enjoy your loss
(21:43 / All) CaptainFarns: i will
(21:48 / All) BEAR_AND: haha
(22:01 / All) CaptainFarns: xD
(22:20 / All) CaptainFarns: well come on then
(22:30 / All) CaptainFarns: stop being a little vaj
(22:32 / All) BEAR_AND: ?
(22:38 / All) CaptainFarns: MAKE ME LOSE
(22:45 / All) BEAR_AND: already diod thanks
(22:52 / All) CaptainFarns: ok so kill me
(22:57 / All) CaptainFarns: you vaj
(23:04 / All) BEAR_AND: nah
(23:08 / All) BEAR_AND: leave whenever you're done
(23:17 / All) CaptainFarns: oh i'm staying forever
(23:25 / All) CaptainFarns: until you kill all my units and building
(23:40 / All) BEAR_AND: really
(23:57 / All) CaptainFarns: haha youre such a bitch
(24:00 / All) CaptainFarns: own me
(24:02 / All) CaptainFarns: i want you to
(24:05 / All) CaptainFarns: yea
(24:07 / All) CaptainFarns: a pussy
(24:17 / All) BEAR_AND: i'm bear_and....look me up, birdnoob child
(24:25 / All) BEAR_AND: my longest game? 18 hours.  yeah, i won.
(24:29 / All) CaptainFarns: birdnoob..? are you high?
(25:58 / All) CaptainFarns: haha finally
(26:12 / All) BEAR_AND: grats
(26:14 / All) BEAR_AND: you killed....
(26:16 / All) BEAR_AND: one dhawk
(26:20 / All) CaptainFarns: thank man
(26:21 / All) CaptainFarns: i tried
(26:23 / All) CaptainFarns: gave it my best
(26:28 / All) CaptainFarns: grats for being a pussy
(26:32 / All) BEAR_AND: hmm
(26:33 / All) BEAR_AND: clan towa
(26:36 / All) BEAR_AND: http://highper.chj
(26:39 / All) BEAR_AND: http://highper.ch
(26:49 / All) BEAR_AND: thanks for watching, http://highper.ch for more towering and ownage replays
(26:51 / All) CaptainFarns: i'm not looking up your stuff..? i don't give a fuck
(27:05 / All) CaptainFarns: listen i'm gonna minimize and watch tv, have fun waiting
(27:08 / All) CaptainFarns: gg
(27:35 / All) CaptainFarns: i got nothing
(27:37 / All) CaptainFarns: come own
(27:42 / All) BEAR_AND: nah
(27:52 / All) BEAR_AND: i like long games
(27:56 / All) CaptainFarns: haha ok
(28:01 / All) CaptainFarns: peace
(30:13 / All) CaptainFarns: ok well now you just took my fun away
(30:22 / All) BEAR_AND: that's what i do
(30:29 / All) CaptainFarns: ok have fun waiting
(38:04 / All) CaptainFarns: oh finally
(38:05 / All) CaptainFarns: it
(38:08 / All) CaptainFarns: 's about time
(38:08 / All) BEAR_AND: not done yet
(38:18 / All) BEAR_AND: feel free to leave at any time though
(38:23 / All) BEAR_AND: i command you, bow to me and leave my presence
(38:31 / All) CaptainFarns: hahahaah
(39:13 / All) CaptainFarns: thanks for leavin the mill
(39:18 / All) CaptainFarns: i need that for lumber
(39:21 / All) BEAR_AND: aheh
(39:23 / All) CaptainFarns: aw why
(39:31 / All) CaptainFarns: NO!
(39:34 / All) CaptainFarns: NO!
(39:35 / All) CaptainFarns: good
(39:39 / All) BEAR_AND: peace
(39:51 / All) CaptainFarns: oh you're leaving?
(40:00 / All) CaptainFarns: or just finish the mill
(40:04 / All) CaptainFarns: i can build another
(40:06 / All) BEAR_AND: going out, you can reach me at 647-869-9830
(40:16 / All) CaptainFarns: might as well finish the mill
(40:27 / All) CaptainFarns: cuz this will be here all day unless my computer shuts off
(48:50 / All) CaptainFarns: hahahaha
(48:56 / All) CaptainFarns: how old are you?
(49:04 / All) CaptainFarns: 20 year old virgin?
(72:57 / All) BEAR_AND: :)
(82:50 / All) CaptainFarns: :)
(83:08 / All) BEAR_AND: i agree
(83:39 / All) BEAR_AND: nope i want this chat on http://highper.ch/ for my fans and supporters to read
(83:46 / All) CaptainFarns: hahahaha
(84:01 / All) CaptainFarns: do you all love cock together or is it a solo thing
(84:05 / All) BEAR_AND: angry?
(84:11 / All) CaptainFarns: cuz i respect that
(84:13 / All) CaptainFarns: no not at all
(84:54 / All) CaptainFarns: i'm just astounded by the degree of infatuation you have for mandick
(85:46 / All) CaptainFarns: i'm sorry to hurt your "fans and supporters"
(85:52 / All) CaptainFarns: but i'm sure your mom is gonna be fine
(86:07 / All) CaptainFarns: like how old are you again?
(86:18 / All) CaptainFarns: 20?
(110:16 / All) CaptainFarns: dude we'll go to the looney bin together, i don't give a FUCK!
(130:50 / All) BEAR_AND: 60k lumber and one big angry noob, that's good enough for me